 Dungeon Crawl Stone Soup version 0.19.0-24-gb05acd6 (webtiles) character file.

18 Monsterracer the Caller (level 2, -1/15 HPs)
             Began as a Tengu Summoner on Nov 22, 2016.
             Slain by a hobgoblin (5 damage)
             ... on level 1 of the Dungeon.
             The game lasted 00:06:14 (1810 turns).

Monsterracer the Caller (Tengu Summoner)            Turns: 1810, Time: 00:06:15

Health: -1/15      AC:  3    Str:  8    XL:     2   Next: 70%
Magic:  3/6        EV: 12    Int: 15    God:
Gold:   56         SH:  0    Dex: 14    Spells: 2 memorised, 2 levels left

rFire  . . .     SeeInvis .     (no weapon)
rCold  . . .     Gourm    .     a - +0 robe
rNeg   . . .     Faith    .     (no shield)
rPois  .         Spirit   .     (helmet restricted)
rElec  .         Reflect  .     f - +0 cloak
rCorr  .         Harm     .     (no gloves)
MR     .....                    (boots unavailable)
Stlth  ++........               (no amulet)
                                (no ring)
                                (no ring)

@: no status effects
A: beak, talons 3
a: no special abilities


You were on level 1 of the Dungeon.
You were not hungry.

You visited 1 branch of the dungeon, and saw 1 of its levels.

You collected 56 gold pieces.

Inventory:

Armour
 a - a +0 robe (worn)
 f - a +0 cloak (worn)
Scrolls
 d - 3 scrolls of identify {unknown}
 e - a scroll of amnesia {unknown}
Books
 b - a book of Callings

   Spells                             Type                      Level
   a - Summon Small Mammal            Summoning                    1
   b - Call Imp                       Summoning                    2
   c - Call Canine Familiar           Summoning                    3
   d - Summon Guardian Golem          Hexes/Summoning              3
   e - Summon Lightning Spire         Summoning/Air                4
   f - Summon Ice Beast               Ice/Summoning                4
Comestibles
 c - a bread ration


   Skills:
 - Level 2.1 Dodging
 - Level 2.0 Stealth
 - Level 2.0 Spellcasting
 + Level 5.7 Summonings


You had 2 spell levels left.
You knew the following spells:

 Your Spells              Type           Power        Failure   Level  Hunger
a - Summon Small Mammal   Summ           ###.         1%          1    #......
b - Call Imp              Summ           ###.....     3%          2    ###....


Dungeon Overview and Level Annotations

Branches:
Dungeon (1/15)

Altars:


Innate Abilities, Weirdness & Mutations

You have a beak for a mouth.
You have claws for feet.


Message History

Something hits you but does no damage.
You miss something. You claw something. Something hits you.
You hit something. Something hits you.
* * * LOW HITPOINT WARNING * * *
Something hits your white imp but does no damage.
What are your orders? t - Shout!
Orders for allies: a - Attack new target. r - Retreat! s - Stop attacking. g - Guard the area. f - Follow me.
Anything else - Cancel.
Guard this area!
Something barely misses your white imp.
You swap places.
Something misses your crimson imp.
Your crimson imp hits something.
Your crimson imp barely misses something.
Something completely misses your crimson imp.
Your crimson imp misses something.
You start resting.
Something hits you.
You die...

#.#...#....#...##...##(..#
#.#...##...##...#####...## #
#.#....'....##.........## #
#.##...##....###.....### ##
#..#....##.....####### ##.
##.##....###... ###..
#..##.....#### ####....
##..##.......#########.......
##..####...@...5.........###
##...5####...........####..
####....#############.....
###5>#.................
#....###########.#.## #..>##
#.#... ##.#############.#...
#.............#.#.##
#############.#.#...


You could see a friendly white imp (wandering).

Vanquished Creatures
  A goblin (D:1)
  A jackal (D:1)
  2 bats (D:1)
  2 rats (D:1)
6 creatures vanquished.

Vanquished Creatures (collateral kills)
  A dart slug (D:1)
  A leopard gecko (D:1)
  A bat (D:1)
  2 hobgoblins (D:1)
  A jackal (D:1)
  3 kobolds (D:1)
  2 frilled lizards (D:1)
  A goblin (D:1)
  A jackal zombie (D:1)
  2 rats (D:1)
15 creatures vanquished.

Vanquished Creatures (others)
  A frilled lizard (D:1)
1 creature vanquished.

Grand Total: 22 creatures vanquished

Notes
Turn   | Place    | Note
-------+----------+-------------------------------------------
     0 | D:1      | Monsterracer the Tengu Summoner began the quest for the Orb.
     0 | D:1      | Reached XP level 1. HP: 10/10 MP: 4/4
   477 | D:1      | Reached skill level 5 in Summonings
   870 | D:1      | Reached XP level 2. HP: 15/15 MP: 1/6
   937 | D:1      | Learned a level 2 spell: Call Imp
  1810 | D:1      | Slain by a hobgoblin

Skill      XL: |  1 |
---------------+----+-----
Summonings     | 5 |  5.7
Dodging        | |  2.1
Stealth        | |  2.0
Spellcasting   | |  2.0

Action                   || total
-------------------------++-------
Melee: Unarmed           ||    59
       Kick              ||    11
       Peck              ||     5
 Cast: Summon Small Mamm ||    24
       Call Imp          ||    15
  Use: Potion            ||     1
 Stab: Sleeping          ||     1
  Eat: Chunk             ||     4
Armor: Robe              ||    24
Dodge: Dodged            ||    46
